 Dungeon Crawl Stone Soup version 0.26-a0-812-g31a745ddcd (webtiles) character file.

Game seed: 7612688380236496291

1123 MalarOregon the Poker (level 8, -2/70 HPs)
             Began as a Purple Draconian Monk on Nov 14, 2020.
             Was a Priest of Elyvilon.
             Splashed by Ijyb's acid (13 damage)
             ... on level 3 of the Dungeon.
             The game lasted 00:13:27 (8096 turns).

MalarOregon the Poker (Purple Draconian Monk)       Turns: 8096, Time: 00:13:28

Health: -2/70      AC:  3    Str: 14    XL:     8   Next: 13%
Magic:  10/10      EV: 15    Int: 16    God:    Elyvilon [***...]
Gold:   245        SH:  0    Dex: 16    Spells: 4/7 levels left

rFire    . . .     SeeInvis .   a - +1 spear
rCold    . . .     Faith    .   (no shield)
rNeg     . . .     Spirit   .   (armour unavailable)
rPois    +         Reflect  .   c - +1 hat
rElec    .         Harm     .   (no cloak)
rCorr    .         Rampage  .   (no gloves)
MR       +....                  (no boots)
Stlth    ++........             (no amulet)
HPRegen  0.21/turn              r - +6 ring of intelligence
MPRegen  0.12/turn              v - ring of poison resistance

@: corroded
A: breathe power, unfitting armour, cold-blooded, AC +6
a: Breathe Dispelling Energy, Lesser Healing, Heal Other, Purification, Divine
Protection, Renounce Religion


You were on level 3 of the Dungeon.
You worshipped Elyvilon.
Elyvilon was most pleased with you.
You visited 2 branches of the dungeon, and saw 7 of its levels.

You collected 245 gold pieces.

Inventory:

Hand Weapons
 a - a +1 spear (weapon)
 b - the +1 hunting sling "Abaoxzag" {flame, MR+ Stlth+}
   (You found it on level 6 of the Dungeon)

   It causes projectiles fired from it to burn those they strike, causing extra
   injury to most foes and up to half again as much damage against particularly
   susceptible opponents.
   It affects your resistance to hostile enchantments.
   It makes you more stealthy.
Missiles
 i - 16 poisoned darts (quivered)
 q - 6 boomerangs of dispersal {!f}
Armour
 c - a +1 hat (worn)
   (You found it on level 1 of the Dungeon)
Jewellery
 r - a +6 ring of intelligence (left hand)
   (You took it off an orc on level 4 of the Dungeon)
 v - a ring of poison resistance (right hand)
   (You found it on level 5 of the Dungeon)
Scrolls
 h - 3 scrolls of immolation {!r}
 k - a scroll of fear
 p - 3 scrolls of teleportation {@r4}
 s - 2 scrolls of remove curse {@r2}
 y - 2 scrolls of amnesia
Potions
 e - a potion of ambrosia
 f - 2 potions of brilliance
 g - 2 potions of mutation {!q}
 j - 2 potions of degeneration {unknown}
 l - a potion of curing {@q1}
 m - a potion of lignification {!q}
 o - 3 potions of attraction {!q}
 t - 2 potions of heal wounds {unknown}
 w - a potion of magic
 x - a potion of flight


   Skills:
 + Level 5.9 Fighting
 * Level 7.1 Polearms
 + Level 4.9 Dodging
 - Level 1.7 Stealth
 + Level 0.0 Spellcasting
 + Level 0.0 Hexes
 + Level 3.1 Invocations


You had 4 spell levels left.
You knew the following spells:

 Your Spells              Type           Power        Failure   Level
a - Summon Guardian Gole  Hex/Summ       #.......     58%         3

Your spell library contained the following spells:

 Spells                   Type           Power        Failure   Level
 Summon Small Mammal      Summ           #...         26%         1
 Call Imp                 Summ           #.......     36%         2
 Call Canine Familiar     Summ           #.......     58%         3
 Summon Ice Beast         Ice/Summ       #.......     94%         4
 Summon Lightning Spire   Summ/Air       #.......     94%         4


Dungeon Overview and Level Annotations

Branches:
Dungeon (6/15)             Temple (1/1) D:4

Altars:
Ashenzari
Cheibriados
Elyvilon
Fedhas
Gozag
Hepliaklqana
Kikubaaqudgha
Makhleb
Nemelex Xobeh
Okawaru
Qazlal
Ru
Sif Muna
Trog
Vehumet
Wu Jian
Yredelemnul
Zin
The Shining One

Annotations:
D:2 1 runed translucent door, Crazy Yiuf
D:3 Ijyb
D:5 2 transporters, Nebesus's ghost, novice HuFi


Innate Abilities, Weirdness & Mutations

You can breathe bolts of dispelling energy.
Your rich purple scales are hard. (AC +6)
You cannot fit into any form of body armour.
You are cold-blooded and may be slowed by cold attacks.


Message History

i - 14 poisoned darts (gained 1)
Found a stone staircase leading down.
Found a metal-bound book.
i - 15 poisoned darts (gained 1)
i - 16 poisoned darts (gained 1)
You pick up a book of Callings and begin reading...
You add the spells Summon Small Mammal, Call Imp, Call Canine Familiar, Summon Guardian Golem, Summon Lightning Spire and Summon Ice Beast to your library.
There is a stone staircase leading down here.
Found a rapier.
Okay, then.
This spell is dangerous to cast!
Memorise Summon Guardian Golem, consuming 3 spell levels and leaving 4?
You start memorising the spell.
You continue memorising. x3
You finish memorising.
Spell assigned to 'a'.
Search for what [Enter for "missile", or ? for help]?
Things that are here:
a +0 giant spiked club; an ogre corpse You see here a +0 dagger.
There is a stone staircase leading up here.
You climb upwards.
Level annotation: 2 transporters, Nebesus's ghost, novice HuFi
There is a stone staircase leading down here.
There is a stone staircase leading up, spattered with blood here.
There is a stone staircase leading up here.
You climb upwards.
There is a stone staircase leading down here.
There is a stone staircase leading up here.
You climb upwards.
Level annotation: Ijyb
There is a stone staircase leading down here.
There is an open door here.
There is an escape hatch in the ceiling here.
Ijyb is nearby!
Ijyb shouts!
Ijyb zaps a wand.
The bolt of acid misses you.
You hit Ijyb but do no damage.
Your tail-slap misses Ijyb.
Ijyb hits you with a +2 dagger of electrocution.
You are electrocuted!
Okay, then.
Ijyb zaps a wand.
The bolt of acid hits you! The acid corrodes you!
You are splashed with acid!
* * * LOW HITPOINT WARNING * * *
Unknown command.
Ijyb screams, "Die!"
Ijyb zaps a wand.
The bolt of acid hits you!
* * * LOW HITPOINT WARNING * * *
The acid corrodes you!
You are splashed with acid!
You die...

.#.#.#.###.#.#.######...#.#####
.#...#.# #.#.#.######.....()..#
.....#.# #.#.#......#..##.###[#
.....#.###.#...####.###...# #.#
..#..#..##.###.#..#.###.#####.###
..#........# #.#.^#.....#.......#
<.##.#...#####.#........#####...#
...............#..g.....# #...#
.....#.#########@.####..# #...#
######............# #..# #...#
############.# #..#####...#
#....#.....# #.....##...#
########.##.#.##### #.###.##./.#
............#.# #.....##...#
.#######.####.# ####..###### .#
#......>.###########..# .#
#.#...................#####


You could see Ijyb.

Vanquished Creatures
  Prince Ribbit (D:6)
  A black bear (D:6)
  A phantom (D:6)
  An ogre (D:6)
  A bullfrog (D:6)
  A bullfrog zombie (D:5)
  3 orc priests (D:5)
  A jelly (D:5)
  Jessica (D:3)
  6 orc wizards
  3 worker ants
  Robin (D:3)
  7 adders
  A shadow imp (D:6)
  2 ufetubi
  An ooze (D:6)
  2 worms
  5 leopard geckos
  10 orcs
  A ball python (D:1)
  7 giant cockroaches
  14 goblins
  8 hobgoblins
  4 jackals
  11 kobolds
  2 quokkas
  10 bats
  3 frilled lizards
  8 rats
117 creatures vanquished.

Vanquished Creatures (others)
  A quokka (D:4)
  8 fungi (D:2)
  7 plants (D:2)
16 creatures vanquished.

Grand Total: 133 creatures vanquished

Notes
Turn   | Place    | Note
-------+----------+-------------------------------------------
     0 | D:1      | MalarOregon the Draconian Monk began the quest for the Orb.
     0 | D:1      | Reached XP level 1. HP: 19/19 MP: 1/1
   292 | D:1      | Reached XP level 2. HP: 26/26 MP: 2/2
   987 | D:2      | Reached XP level 3. HP: 29/31 MP: 3/3
  1048 | D:2      | Found a stormy altar of Qazlal.
  1286 | D:2      | Found a blossoming altar of Fedhas.
  1391 | D:2      | Found a runed translucent door.
  1392 | D:2      | Noticed Crazy Yiuf
  1539 | D:2      | Reached skill level 4 in Polearms
  1788 | D:2      | Reached XP level 4. HP: 39/40 MP: 4/4
  2167 | D:3      | Noticed Ijyb
  2675 | D:3      | Noticed Jessica
  2679 | D:3      | Killed Jessica
  2722 | D:3      | Noticed Robin
  2754 | D:3      | Killed Robin
  2993 | D:3      | Reached XP level 5. HP: 46/46 MP: 5/5
  3502 | D:4      | Found a broken altar of Ashenzari.
  3759 | D:4      | Reached skill level 5 in Polearms
  4136 | D:4      | HP: 1/47 [something/puff of frost (7)]
  4150 | D:5      | Entered Level 5 of the Dungeon
  4416 | D:5      | Reached XP level 6. HP: 5/53 MP: 6/6
  4976 | D:4      | Found a staircase to the Ecumenical Temple.
  4995 | Temple   | Entered the Ecumenical Temple
  5063 | Temple   | Became a worshipper of Elyvilon the Healer
  5063 | Temple   | Reached * piety under Elyvilon
  5063 | Temple   | Reached ** piety under Elyvilon
  5373 | D:5      | Noticed Nebesus's ghost (novice HuFi)
  5374 | D:5      | Found a transporter.
  5419 | D:5      | Found a transporter.
  5969 | D:5      | Reached skill level 5 in Fighting
  6028 | D:5      | Reached skill level 1 in Invocations
  6159 | D:5      | Your scales start taking on a rich purple colour.
  6159 | D:5      | Reached XP level 7. HP: 17/61 MP: 7/7
  6571 | D:5      | Reached skill level 6 in Polearms
  6724 | D:6      | Got an iridescent hunting sling
  7220 | D:6      | Reached *** piety under Elyvilon
  7296 | D:6      | Noticed Prince Ribbit
  7308 | D:6      | Identified the +1 hunting sling "Abaoxzag" {flame, MR+
                  | Stlth+} (You found it on level 6 of the Dungeon)
  7360 | D:6      | Killed Prince Ribbit
  7660 | D:6      | Reached skill level 7 in Polearms
  7660 | D:6      | Reached XP level 8. HP: 69/70 MP: 10/10
  7938 | D:6      | Learned a level 3 spell: Summon Guardian Golem
  8096 | D:3      | Splashed by Ijyb's acid

Illustrated notes

Levels and vault maps discovered:
D:1:      dpeg_arrival_yet_another_circle, layout_basic
D:2:      layout_loops_ring, nicolae_qazlal_general_emergency, fedhas_altar_3,
          uniq_crazy_yiuf_cottage
D:3:      layout_basic, uniq_jessica, uniq_robin, uniq_ijyb
D:4:      layout_loops_ring, temple_hall, ashenzari_altar_1
D:5:      layout_basic, gammafunk_ghost_arena, dk_noncrumbling_4
D:6:      layout_cave_pods, gammafunk_temple_overflow_elements,
          uniq_prince_ribbit1
Temple:   hc_temple_tempest_star

Skill      XL: |  1  2  3  4  5  6  7  8 |
---------------+-------------------------+-----
Dodging        | 3 4 |  4.9
Polearms       | 4 5 7 |  7.1
Fighting       | 4 5 |  5.9
Invocations    | 1 2 3 |  3.1
Stealth        | |  1.7

Action                   |  1- 3 |  4- 6 |  7- 9 || total
-------------------------+-------+-------+-------++-------
Melee: Spear             |   161 |   261 |    95 ||   517
       Tailslap          |    15 |    27 |    11 ||    53
Throw: Dart              |     4 |    54 |    43 ||   101
  Use: Scroll            |       |     7 |    10 ||    17
       Potion            |       |     1 |       ||     1
 Stab: Sleeping          |     5 |     7 |     1 ||    13
       Distracted        |       |     1 |       ||     1
Armor: Skin              |    29 |    71 |    20 ||   120
Dodge: Dodged            |    86 |   131 |    70 ||   287

Table legend: (Time is in decaauts)
 A = Elapsed time spent in this place.
 B = Non-inter-level travel time spent in this place.
 C = Inter-level travel time spent in this place.
 D = Time resting spent in this place.
 E = Time spent auto-exploring this place.
 F = Levels seen in this place.
 G = Mean time per level.
                   A        B        C        D        E       F      G
               +--------+--------+--------+--------+--------+-----+--------+
         Total |   8032 |   7381 |    651 |   2171 |   3981 |   7 | 1147.4 |
       Dungeon |   7800 |   7177 |    623 |   2171 |   3780 |   6 | 1300.0 |
        Temple |    231 |    203 |     28 |      0 |    201 |   1 |  231.0 |
               +--------+--------+--------+--------+--------+-----+--------+

Top non-repeatable levels by time:
     D:5: 1721 daAuts
     D:2: 1425 daAuts
     D:6: 1334 daAuts
     D:4: 1327 daAuts
     D:3: 1030 daAuts
     D:1: 961 daAuts
  Temple: 231 daAuts
